Map: King's Cove LE

Players

PeLLy - Winner!

  • Race: Zerg Zerg
  • League: Diamond
  • Spawn Location: 11:00

Sting

  • Race: Terran Terran
  • League: Diamond
  • Spawn Location: 5:00

VOD

Have the link to the VOD?

Description

Time

  • Played on: Aug. 7, 2019, 4:20 p.m.
  • Length: 17:19
Show
View Real Time Build Order
Export as new Build Order

PeLLy Zerg - Winner!

Build Orders: Hatch First 

Get SALT Encoding   

  12  0:00  Drone  
  13  0:13  Overlord  
  14  0:21  Drone  
  14  0:31  Drone x2  
  16  0:37  Drone  
  17  0:55  Hatchery  
  16  0:58  Drone  
  17  1:06  Drone  
  18  1:11  Extractor  
  18  1:17  Spawning Pool  
  16  1:20  Drone  
  16  1:24  Drone  
  18  1:29  Drone  
  19  1:41  Overlord  
  19  1:52  Drone  
  20  2:05  Queen  
  20  2:07  Queen  
  24  2:08  Zergling x2  
  24  2:09  Zergling x2  
  24  2:11  Metabolic Boost  
  24  2:15  Zergling x2  
  27  2:21  Zergling x2  
  28  2:27  Zergling x2  
  29  2:31  Zergling x2  
  29  2:34  Zergling x2  
  31  2:57  Queen  
  33  3:01  Drone  
  33  3:02  Drone  
  35  3:12  Hatchery  
  33  3:23  Drone x3  
  36  3:32  Roach Warren  
  35  3:34  Extractor  
  34  3:56  Overlord  
  34  4:01  Baneling Nest  
  34  4:02  Lair  
  33  4:04  Spore Crawler  
  33  4:06  Spore Crawler  
  31  4:18  Drone x7  
  38  4:25  Overlord  
  38  4:37  Queen  
  40  4:42  Drone  
  41  4:46  Baneling x3  
  41  4:47  Baneling  
  41  4:56  Extractor  
  41  4:58  Queen  
  42  5:14  Hydralisk Den  
  42  5:16  Spore Crawler  
  39  5:26  Spore Crawler  
  38  5:29  Spore Crawler  
  38  5:34  Queen  
  35  5:48  Drone x5  
  40  5:50  Hydralisk Den  
  37  6:10  Drone  
  37  6:11  Drone x6  
  44  6:12  Drone  
  44  6:26  Spore Crawler  
  44  6:27  Spore Crawler  
  44  6:31  Drone  
  44  6:32  Drone x2  
  42  6:48  Spore Crawler  
  42  6:52  Hydralisk x3, Grooved Spines  
  47  7:01  Drone x2  
  48  7:07  Overlord  
  48  7:08  Extractor, Overlord  
  48  7:12  Drone  
  49  7:16  Glial Reconstitution  
  49  7:22  Evolution Chamber  
  49  7:28  Drone  
  49  7:29  Drone x3  
  52  7:35  Extractor  
  51  7:50  Hydralisk x4  
  59  8:03  Hydralisk x3  
  65  8:08  Overlord  
  65  8:20  Overseer  
  65  8:21  Overseer  
  65  8:30  Drone x7  
  72  8:37  Extractor  
  72  8:38  Overlord  
  71  8:43  Drone x3  
  74  8:48  Muscular Augments  
  74  8:56  Drone x4  
  74  8:59  Drone x2  
  80  9:08  Extractor  
  79  9:17  Centrifical Hooks  
  79  9:21  Zerg Missile Weapons Level 1  
  79  9:22  Spore Crawler  
  79  9:23  Tunneling Claws  
  78  9:32  Evolution Chamber  
  77  9:42  Hydralisk x2  
  81  9:45  Overlord  
  81  9:46  Overlord x3  
  81  9:53  Drone  
  82  10:06  Drone x6  
  82  10:07  Drone  
  89  10:08  Hatchery  
  89  10:11  Drone x3  
  91  10:27  Spire  
  91  10:28  Spore Crawler  
  89  10:39  Pneumatized Carapace  
  89  10:45  Drone x7  
  89  10:49  Drone x2  
  98  10:52  Hydralisk  
  98  10:53  Hydralisk x4  
  104  11:21  Hydralisk x8  
  103  11:44  Hydralisk x4  
  111  11:58  Overlord x5  
  111  12:04  Spore Crawler  
  111  12:05  Spore Crawler  
  111  12:06  Spore Crawler  
  108  12:11  Zerg Flyer Armor Level 1, Corruptor  
  108  12:12  Corruptor  
  112  12:18  Corruptor x3  
  112  12:21  Drone  
  112  12:22  Drone x2  
  121  12:26  Drone x2  
  121  12:27  Drone  
  124  12:35  Queen  
  126  12:41  Zerg Melee Weapons Level 1  
  126  12:42  Zerg Missile Weapons Level 2  
  126  12:48  Drone x3  
  126  12:49  Drone  
  130  12:53  Drone  
  131  12:58  Extractor  
  131  12:59  Drone  
  131  13:00  Drone x4, Extractor  
  134  13:08  Corruptor  
  134  13:28  Corruptor  
  134  13:30  Overlord  
  134  13:31  Overlord x2  
  136  13:47  Overlord  
  136  13:48  Overlord x3  
  136  13:59  Infestation Pit, Corruptor x4  
  136  14:00  Corruptor x3  
  149  14:06  Zerg Flyer Armor Level 2  
  149  14:09  Drone x3  
  153  14:10  Drone  
  153  14:25  Queen  
  157  14:36  Corruptor x3  
  163  14:48  Hatchery  
  162  14:55  Hive  
  160  15:09  Nydus Network  
  157  15:25  Zergling x46  
  157  15:26  Zergling x10  
  185  15:47  Extractor  
  185  15:49  Baneling  
  184  15:50  Baneling x9  
  184  15:51  Hatchery, Extractor  
  182  16:00  Drone  
  182  16:01  Drone x8  
  150  16:38  Hydralisk  
  150  16:39  Hydralisk x14  
  172  16:55  Zergling x10  
Show
View Real Time Build Order
Export as new Build Order

Sting Terran 

Build Orders: Banshee Rush 

Get SALT Encoding   

  12  0:01  SCV  
  13  0:14  SCV  
  13  0:18  Supply Depot  
  14  0:30  SCV, Refinery  
  15  0:42  SCV  
  16  0:50  Barracks  
  16  0:54  SCV  
  17  0:59  Refinery  
  17  1:08  Supply Depot  
  17  1:17  SCV  
  18  1:29  SCV  
  19  1:42  Factory  
  19  1:43  SCV  
  19  1:45  Marine  
  21  1:58  Orbital Command  
  21  2:06  Marine  
  22  2:25  SCV  
  22  2:27  Marine  
  24  2:33  Starport  
  24  2:38  Starport  
  24  2:40  SCV  
  25  2:52  Marine  
  26  3:02  SCV  
  27  3:06  Supply Depot  
  27  3:09  Marine  
  27  3:11  Hellion  
  28  3:22  Starport Tech Lab x2  
  28  3:27  Marine  
  29  3:36  Hellion  
  29  3:37  Supply Depot  
  29  3:39  SCV  
  32  3:41  Banshee  
  32  3:44  Banshee  
  38  3:48  Cloaking Field  
  38  4:03  SCV  
  40  4:10  Widow Mine  
  41  4:24  Banshee  
  41  4:26  Banshee  
  41  4:28  Supply Depot  
  47  4:46  Command Center  
  47  4:50  Widow Mine  
  55  5:25  Fusion Core  
  49  5:33  Supply Depot  
  44  6:15  Battlecruiser  
  44  6:18  Battlecruiser  
  56  6:25  SCV  
  57  6:37  SCV  
  58  6:48  Refinery  
  58  6:52  Refinery  
  58  6:54  Engineering Bay  
  58  7:17  Supply Depot  
  58  7:23  Battlecruiser  
  58  7:24  Command Center  
  64  7:43  Planetary Fortress  
  64  7:50  SCV  
  65  8:02  SCV  
  66  8:06  Missile Turret  
  65  8:31  Missile Turret  
  65  8:32  SCV  
  66  8:36  Battlecruiser  
  66  8:38  Battlecruiser  
  79  8:41  SCV  
  79  8:44  SCV  
  80  8:50  Missile Turret  
  80  8:53  Missile Turret, SCV  
  81  8:58  Missile Turret, Refinery  
  81  9:01  Refinery  
  81  9:05  SCV  
  81  9:06  Starport  
  82  9:17  SCV  
  82  9:19  Planetary Fortress  
  83  9:35  SCV  
  83  9:36  SCV  
  85  9:43  Battlecruiser  
  91  9:46  Starport Tech Lab  
  91  10:03  Battlecruiser  
  91  10:05  SCV  
  98  10:11  SCV  
  98  10:13  SCV  
  100  10:23  SCV  
  101  10:43  Missile Turret  
  101  10:45  Neosteel Armor  
  101  11:05  Missile Turret  
  95  11:49  Battlecruiser  
  101  12:08  Supply Depot  
  101  12:13  Supply Depot  
  101  12:15  Supply Depot  
  101  12:19  Armory  
  101  12:25  Hi-Sec Auto Tracking  
  101  12:30  SCV x2, Battlecruiser  
  101  12:35  Battlecruiser  
  115  12:41  SCV  
  115  12:42  SCV x2  
  118  12:54  SCV  
  119  13:34  Battlecruiser  
  125  13:36  Terran Ship Weapons Level 1  
  125  13:40  SCV  
  122  13:50  SCV  
  122  13:52  SCV x2  
  125  14:02  Command Center  
  125  14:05  SCV  
  125  14:09  Viking, SCV  
  128  14:21  SCV  
  129  14:27  Armory  
  129  14:31  SCV  
  130  14:33  SCV x2  
  132  14:43  SCV  
  133  14:54  Command Center  
  133  15:14  SCV x2  
  115  15:31  Factory Tech Lab  
  115  15:37  Factory  
  115  15:39  Factory  
  114  15:54  Factory  
  29  16:44  Factory Tech Lab x2  
  29  16:45  Factory Tech Lab  
  16  17:04  SCV  
Tags
 
Add a new tag
Caveats
  • Supply blocks, unpowered buildings, or Contaminate may cause inaccurate times.
  • Supply counts are checked every 10 seconds.